Map: 玫瑰园-天梯版

Players

ForSaber

  • Race: Protoss Protoss

HUSTWizard

  • Race: Terran Terran

这是个好名字

  • Race: Protoss Protoss
  • League: Diamond

EVA

  • Race: Terran Terran

向日葵

  • Race: Zerg Zerg

Foxchenchen

  • Race: Protoss Protoss

VOD

Have the link to the VOD?

Description

Time

  • Played on: Aug. 5, 2019, 11:42 a.m.
  • Length: 12:42
Show
View Real Time Build Order
Export as new Build Order

ForSaber Protoss 

Build Orders: 1 Gate Expand, Carriers 

Get SALT Encoding   

  12  0:01  Probe  
  13  0:13  Probe  
  14  0:26  Probe  
  15  0:30  Pylon  
  15  0:45  Probe  
  16  0:52  Gateway  
  16  0:53  Probe  
  17  0:58  Assimilator  
  17  1:02  Probe  
  18  1:14  Probe  
  19  1:26  Probe  
  19  1:30  Nexus  
  20  1:40  Cybernetics Core  
  20  1:46  Assimilator  
  20  1:47  Probe  
  21  1:51  Pylon  
  21  1:59  Probe  
  22  2:13  Probe  
  23  2:15  Adept  
  25  2:30  Stargate  
  25  2:33  Warp Gate  
  25  2:35  Probe  
  26  2:44  Probe  
  26  2:47  Probe  
  28  2:52  Probe  
  29  2:59  Probe  
  29  3:01  Probe  
  29  3:04  Stalker  
  29  3:05  Stargate  
  31  3:06  Pylon  
  31  3:11  Probe, Assimilator  
  32  3:13  Probe  
  35  3:21  Pylon  
  35  3:26  Gateway  
  35  3:29  Probe x2  
  35  3:31  Void Ray  
  41  3:40  Stalker  
  43  4:06  Probe x2, Void Ray, Shield Battery  
  49  4:18  Probe x2  
  51  4:27  Probe  
  51  4:30  Probe  
  53  4:35  Probe, Assimilator  
  53  4:37  Pylon  
  54  4:45  Probe  
  55  4:53  Stargate  
  55  5:08  Void Ray  
  55  5:11  Probe  
  55  5:13  Stalker x2  
  63  5:14  Probe  
  65  5:23  Probe  
  65  5:26  Probe  
  67  5:36  Nexus  
  67  5:39  Probe  
  68  5:46  Gateway  
  68  5:48  Gateway  
  68  5:51  Pylon  
  68  6:09  Void Ray  
  68  6:10  Void Ray  
  76  6:12  Stalker  
  76  6:17  Pylon  
  76  6:18  Pylon  
  74  6:55  Void Ray x2  
  76  7:15  Probe x2  
  78  7:22  Probe  
  79  7:27  Probe x2  
  77  7:34  Probe  
  78  7:39  Probe x2  
  78  7:41  Pylon  
  78  7:43  Fleet Beacon  
  80  7:46  Probe  
  80  7:49  Probe x2, Assimilator  
  81  7:51  Pylon  
  81  7:53  Assimilator, Pylon  
  81  7:55  Probe  
  81  7:57  Probe x2  
  84  8:03  Probe  
  86  8:06  Probe x2  
  86  8:09  Stargate  
  86  8:11  Pylon  
  89  8:13  Pylon  
  89  8:26  Forge  
  89  8:30  Twilight Council  
  88  8:45  Carrier x2, Shield Battery x2  
  88  8:46  Carrier  
  88  8:51  Nexus  
  88  8:52  Shield Battery x2  
  88  8:55  Pylon  
  88  8:59  Pylon  
  88  9:02  Probe x3  
  109  9:03  Pylon  
  109  9:08  Cybernetics Core  
  109  9:14  Protoss Air Weapons Level 1  
  109  9:38  Carrier  
  109  9:45  Carrier x2  
  115  9:54  Stargate  
  115  9:56  Stargate  
  127  10:01  Probe x3  
  127  10:02  Assimilator  
  130  10:08  Assimilator  
  130  10:16  Photon Cannon  
  130  10:17  Probe x4  
  130  10:18  Photon Cannon  
  134  10:23  Photon Cannon  
  134  10:25  Photon Cannon  
  134  10:26  Shield Battery, Protoss Air Armor Level 1  
  134  10:30  Shield Battery  
  134  10:34  Photon Cannon  
  134  10:36  Probe x2  
  134  10:38  Probe x2  
  134  10:40  Carrier  
  144  10:48  Probe, Carrier  
  144  10:49  Carrier  
  157  10:51  Nexus  
  157  10:52  Carrier  
  157  10:55  Carrier  
  159  11:33  Probe x2  
  161  11:40  Probe x2  
  161  11:45  Probe  
Show
View Real Time Build Order
Export as new Build Order

HUSTWizard Terran 

Build Orders: Mech 

Get SALT Encoding   

  12  0:01  SCV  
  13  0:13  SCV  
  14  0:19  Supply Depot  
  14  0:25  SCV  
  15  0:30  Refinery  
  15  0:40  SCV  
  16  0:48  Barracks  
  16  0:53  SCV  
  17  1:05  SCV  
  18  1:17  SCV  
  19  1:29  SCV  
  20  1:35  Supply Depot  
  20  1:37  Reaper  
  21  1:41  SCV  
  22  1:52  Factory  
  22  2:00  Barracks  
  22  2:04  SCV  
  22  2:07  Refinery  
  23  2:12  Barracks Reactor  
  23  2:16  SCV  
  24  2:28  SCV  
  25  2:56  Factory Tech Lab  
  25  2:57  Barracks Tech Lab  
  25  3:01  Barracks  
  25  3:05  Engineering Bay  
  25  3:08  Orbital Command  
  28  3:20  Hellion  
  28  3:24  Reaper  
  28  3:40  Terran Infantry Weapons Level 1  
  28  3:47  Hellion  
  30  3:51  Barracks Reactor  
  30  3:53  Stimpack  
  30  4:02  Command Center  
  30  4:07  Marine  
  31  4:15  Marine  
  31  4:44  Supply Depot  
  31  4:46  Supply Depot  
  31  5:05  Marine x3, Supply Depot  
  31  5:06  Hellion  
  36  5:08  Supply Depot x2  
  36  5:27  Hellion  
  38  5:29  Marine x5  
  43  5:47  Marine x5  
  43  5:49  Hellion  
  44  6:06  Marine x5  
  44  6:10  Hellion  
  51  6:14  Factory  
  51  6:15  Factory  
  49  6:19  Starport  
  49  6:24  Marine  
  50  6:26  Orbital Command  
  50  6:27  SCV  
  51  6:37  Marine x4  
  56  6:40  SCV  
  56  6:41  Hellion, Marine  
  46  7:10  Marine x3  
  46  7:11  Marine x2  
  51  7:20  SCV x2  
  53  7:28  Marine x3  
  56  7:36  Marine x2  
  58  7:38  Siege Tank  
  58  7:43  Factory Tech Lab, Starport Reactor  
  61  7:44  Factory Tech Lab  
  61  7:46  Marine x3  
  61  7:49  SCV x2  
  66  8:01  Refinery, SCV x2  
  68  8:07  Refinery  
  68  8:08  Siege Tank  
  68  8:09  Siege Tank  
  68  8:11  Marine x5  
  79  8:16  Combat Shield  
  79  8:25  Medivac x2  
  83  8:27  Siege Tank  
  86  8:47  Terran Infantry Armor Level 1  
  86  8:53  Supply Depot  
  86  8:56  Supply Depot  
  86  8:58  Supply Depot  
  86  9:03  Supply Depot  
  86  9:08  Supply Depot  
  86  9:14  Marine x5  
  84  9:32  Marine x3  
  87  9:52  Marine x5  
  91  9:54  Siege Tank x3  
  91  9:55  Medivac x2  
  105  10:09  Marine  
  106  10:25  Medivac x2  
  110  10:40  SCV  
  110  10:41  SCV  
  112  10:53  SCV  
  113  11:09  Medivac x2  
  117  11:33  Marine x2  
  117  11:34  Marine x3  
  122  11:40  Medivac  
  122  11:41  Medivac  
  126  12:11  Marine  
  126  12:12  Marine x4  
Show
View Real Time Build Order
Export as new Build Order

这是个好名字 Protoss 

Build Orders: 1 Gate Expand, Oracle Opening, Carriers 

Get SALT Encoding   

  12  0:00  Probe  
  13  0:13  Probe  
  14  0:20  Pylon  
  14  0:26  Probe  
  15  0:38  Probe  
  15  0:42  Gateway  
  16  0:50  Assimilator  
  16  0:51  Probe  
  17  0:59  Probe  
  18  1:07  Probe  
  18  1:17  Probe  
  21  1:32  Probe  
  21  1:37  Nexus  
  21  1:45  Cybernetics Core  
  21  1:49  Assimilator  
  21  1:50  Probe  
  22  1:57  Pylon  
  22  2:02  Probe  
  23  2:15  Probe  
  23  2:19  Stalker  
  24  2:26  Stargate  
  26  2:35  Probe  
  26  2:47  Probe  
  27  2:53  Probe  
  27  2:54  Stargate  
  28  2:59  Probe  
  28  3:01  Probe  
  30  3:11  Probe  
  30  3:12  Probe, Oracle  
  35  3:29  Assimilator  
  35  3:31  Pylon  
  35  3:33  Assimilator  
  35  3:37  Probe x2  
  37  3:48  Probe  
  37  3:49  Probe  
  42  3:56  Probe  
  42  4:01  Probe  
  44  4:04  Probe  
  44  4:09  Oracle  
  48  4:10  Oracle  
  48  4:13  Probe  
  46  4:25  Probe  
  46  4:37  Probe  
  46  4:38  Probe  
  48  4:41  Pylon  
  48  4:42  Pylon  
  48  4:45  Oracle x2  
  54  4:59  Probe x2  
  56  5:03  Pylon  
  56  5:05  Pylon  
  56  5:11  Probe x2  
  56  5:14  Oracle x2  
  64  5:36  Protoss Air Weapons Level 1  
  64  5:50  Fleet Beacon  
  64  6:27  Nexus  
  64  6:28  Pylon  
  64  6:30  Pylon  
  58  6:45  Carrier x2  
  55  7:01  Probe x2  
  55  7:04  Assimilator  
  57  7:09  Probe x2, Assimilator  
  59  7:19  Probe x2, Stargate  
  61  7:31  Probe x2  
  63  7:39  Protoss Air Weapons Level 2  
  63  7:43  Probe x2  
  65  7:48  Probe  
  65  7:49  Carrier x2  
  78  7:53  Carrier  
  78  7:55  Probe x2  
  80  8:00  Probe  
  80  8:01  Cybernetics Core  
  87  8:12  Probe x3  
  90  8:21  Pylon  
  90  8:23  Nexus  
  90  8:24  Probe x3  
  90  8:25  Pylon  
  93  8:36  Probe x2  
  95  8:53  Carrier  
  101  8:57  Carrier  
  101  8:59  Carrier  
  113  9:09  Protoss Air Armor Level 1, Assimilator  
  113  9:12  Assimilator  
  113  9:14  Pylon  
  93  9:53  Probe x3  
  93  9:57  Carrier  
  102  10:01  Carrier  
  102  10:03  Carrier  
  114  10:08  Stargate  
  114  10:11  Stargate  
  114  10:40  Shield Battery  
  114  10:41  Shield Battery  
  114  10:42  Shield Battery x2  
  113  10:57  Shield Battery  
  113  10:58  Carrier x2  
  113  10:59  Shield Battery x2  
  113  11:02  Probe, Carrier  
  113  11:03  Probe  
  131  11:04  Probe x2  
  131  11:10  Probe  
  133  11:11  Probe  
  135  11:19  Probe  
  135  11:21  Probe  
  135  11:24  Carrier  
  143  11:30  Pylon  
  143  11:31  Pylon  
  161  12:32  Pylon  
  161  12:33  Pylon  
  161  12:36  Pylon  
Show
View Real Time Build Order
Export as new Build Order

EVA Terran 

Build Orders:  

Get SALT Encoding   

  12  0:01  SCV  
  13  0:13  SCV  
  14  0:23  Supply Depot  
  14  0:25  SCV  
  15  0:55  Barracks  
  15  0:57  SCV  
  15  0:59  Barracks  
  15  1:00  Refinery  
  16  1:09  SCV  
  17  1:18  Refinery  
  17  1:21  SCV  
  18  1:33  SCV  
  19  1:47  Reaper  
  19  1:52  Barracks  
  20  1:56  Barracks Reactor  
  20  2:00  Supply Depot  
  20  2:10  Orbital Command  
  20  2:19  Barracks Reactor  
  20  2:26  Barracks  
  20  2:34  Reaper x2  
  22  2:40  Barracks Reactor  
  22  2:48  SCV  
  23  2:59  Reaper  
  23  3:00  Reaper  
  23  3:02  SCV  
  26  3:08  Reaper  
  27  3:16  Reaper  
  28  3:23  Barracks Tech Lab  
  28  3:30  Supply Depot  
  28  3:31  Marine x2  
  30  3:34  Reaper  
  31  3:52  Marauder  
  26  4:34  Barracks  
  26  4:37  Barracks  
  26  4:40  Command Center  
  26  4:42  Refinery  
  25  4:59  SCV  
  26  5:11  SCV  
  27  5:23  SCV  
  27  5:25  Bunker  
  28  5:35  SCV  
  29  5:38  Barracks Reactor x2  
  29  5:39  Engineering Bay  
  29  5:46  Marine x2  
  29  5:47  Marine  
  31  5:57  Bunker  
  29  6:04  Marine x3  
  30  6:14  Marine x4  
  33  6:22  Marine x3  
  36  6:32  Marine x2  
  36  6:44  Marine x3  
  31  7:01  Marine x4  
  26  7:02  Marine  
  31  7:19  Marine  
  32  7:24  Barracks  
  32  7:27  Marine x3  
  37  7:30  Marauder  
  37  7:35  Stimpack  
  37  7:36  Marine  
  38  7:54  Supply Depot  
  38  8:03  Supply Depot  
  38  8:07  Missile Turret  
  38  8:10  Missile Turret  
  38  8:15  SCV, Marine x2, Supply Depot  
  41  8:27  SCV  
  42  9:07  Supply Depot  
  42  9:08  Refinery, SCV  
  43  9:15  Marine x4  
  43  9:16  Marine x2  
  50  9:19  Marauder  
  50  9:20  SCV  
  52  9:32  SCV  
  52  9:33  Marine x4  
  52  9:35  Combat Shield  
  52  9:38  Supply Depot  
  57  9:39  Supply Depot  
  57  9:40  Marauder  
  57  9:43  Terran Infantry Weapons Level 1  
  57  9:45  SCV  
  60  9:49  Marine x2  
  60  9:51  Marine x2  
  64  9:59  Orbital Command  
  64  10:13  Factory  
  64  10:29  Factory  
  64  10:47  Command Center  
  64  10:54  Concussive Shells  
  64  11:15  Factory Tech Lab x2  
  64  11:23  Starport  
  62  11:37  SCV x2  
  64  11:42  Marine x6  
  71  11:49  SCV  
  71  11:50  Marauder, Supply Depot  
  73  11:57  Siege Tank  
  73  11:59  Siege Tank  
  73  12:00  Marine x5  
  84  12:11  Marauder  
  78  12:21  Marine x2  
  78  12:22  Marine  
  50  12:32  Starport Reactor  
Show
View Real Time Build Order
Export as new Build Order

向日葵 Zerg 

Build Orders: Pool First, Lurkers 

Get SALT Encoding   

  12  0:01  Drone  
  13  0:08  Drone  
  14  0:19  Overlord  
  14  0:37  Spawning Pool  
  14  0:38  Drone  
  14  0:49  Drone  
  16  0:50  Drone  
  16  1:02  Drone x2  
  18  1:07  Extractor  
  17  1:22  Hatchery  
  17  1:25  Drone  
  17  1:26  Drone  
  18  1:40  Extractor  
  18  1:41  Drone  
  18  1:44  Queen  
  20  1:54  Zergling x2  
  21  2:11  Drone  
  22  2:21  Lair  
  22  2:36  Hatchery  
  20  3:01  Spine Crawler  
  20  3:03  Drone x3  
  22  3:09  Drone x5  
  27  3:15  Drone  
  28  3:34  Overlord x2  
  28  3:45  Hydralisk Den  
  27  3:50  Drone x4  
  27  3:51  Drone  
  32  3:58  Extractor  
  32  3:59  Spine Crawler  
  30  4:05  Drone x2  
  30  4:08  Drone  
  33  4:16  Extractor, Drone x2  
  34  4:19  Hydralisk  
  36  4:24  Hydralisk  
  36  4:29  Hydralisk  
  40  4:34  Grooved Spines  
  40  4:38  Hydralisk  
  40  4:43  Drone x2  
  44  5:00  Hydralisk x2  
  44  5:01  Hydralisk  
  44  5:02  Overlord  
  44  5:03  Overlord  
  50  5:12  Overlord x2  
  50  5:15  Overlord  
  50  5:22  Overseer  
  50  5:26  Overseer x3  
  50  5:30  Drone x3  
  53  5:44  Hydralisk x4  
  53  5:49  Muscular Augments  
  61  6:14  Hydralisk x5  
  71  6:30  Drone x2  
  71  6:31  Drone x4  
  61  6:53  Zergling x2  
  61  6:54  Zergling x12  
  66  7:17  Hydralisk x6  
  66  7:20  Drone x2  
  78  7:33  Hydralisk x3  
  84  7:51  Drone  
  84  7:52  Drone  
  84  7:54  Drone x3  
  84  7:55  Drone  
  90  8:00  Evolution Chamber  
  90  8:05  Evolution Chamber  
  88  8:06  Drone x2  
  90  8:13  Hatchery  
  89  8:20  Lurker Den  
  89  8:23  Burrow  
  89  8:26  Pneumatized Carapace  
  88  8:41  Drone x2  
  90  8:58  Hatchery  
  89  9:03  Hydralisk, Hatchery  
  89  9:05  Overlord x5  
  89  9:06  Overlord x3  
  71  9:45  Hydralisk x5  
  71  9:46  Hydralisk x4  
  89  10:00  Hydralisk  
  89  10:01  Hydralisk x2  
  95  10:19  Drone  
  96  10:23  Drone x4  
  96  10:24  Drone x4  
  104  10:38  Drone x3  
  104  10:41  Drone x3  
  93  11:08  Hydralisk x3  
  93  11:09  Hydralisk x6  
  111  11:19  Lurker  
  111  11:22  Lurker  
  111  11:24  Lurker  
  114  11:26  Lurker  
  114  11:30  Lurker  
  114  11:31  Lurker x2  
  118  11:46  Extractor  
  117  11:49  Nydus Network  
  117  11:51  Extractor  
Show
View Real Time Build Order
Export as new Build Order

Foxchenchen Protoss 

Build Orders: 1 Gate Expand, Phoenix Opening 

Get SALT Encoding   

  12  0:01  Probe  
  13  0:13  Probe  
  14  0:19  Pylon  
  14  0:25  Probe  
  15  0:37  Probe  
  15  0:39  Gateway  
  16  0:49  Assimilator  
  16  0:51  Probe  
  17  1:06  Probe  
  18  1:30  Nexus  
  18  1:38  Cybernetics Core  
  18  1:44  Assimilator  
  18  1:47  Pylon  
  18  1:50  Probe  
  19  2:02  Probe  
  20  2:14  Probe  
  20  2:15  Stalker  
  23  2:23  Stargate  
  23  2:31  Probe  
  24  2:43  Probe  
  25  2:52  Forge  
  25  2:57  Shield Battery  
  25  3:00  Probe x2  
  27  3:09  Phoenix  
  30  3:12  Probe  
  30  3:13  Probe  
  31  3:24  Probe  
  31  3:25  Probe  
  33  3:29  Photon Cannon  
  33  3:32  Pylon  
  33  3:38  Probe  
  34  3:41  Phoenix  
  34  3:46  Probe  
  37  3:50  Probe  
  38  3:57  Photon Cannon  
  38  4:01  Photon Cannon  
  38  4:05  Probe x2  
  40  4:18  Stargate  
  40  4:25  Assimilator  
  40  4:26  Assimilator  
  40  4:27  Probe x2  
  42  4:35  Phoenix  
  44  4:46  Pylon  
  44  4:47  Probe x2  
  46  5:00  Phoenix  
  48  5:08  Phoenix  
  48  5:14  Pylon  
  50  5:16  Protoss Air Armor Level 1  
  50  5:19  Fleet Beacon  
  50  5:26  Photon Cannon  
  38  5:53  Phoenix x2  
  38  5:56  Probe x2  
  44  6:25  Phoenix x2  
  46  6:53  Phoenix x2  
  50  7:18  Probe, Phoenix x2  
  50  7:19  Probe  
  56  7:30  Probe  
  56  7:31  Probe  
  58  7:43  Anion Pulse-Crystals, Phoenix  
  60  7:44  Probe x2  
  60  7:48  Pylon  
  62  7:56  Probe x2  
  64  7:59  Protoss Air Weapons Level 1, Phoenix  
  66  8:08  Phoenix  
  68  8:19  Probe  
  70  8:20  Probe  
  70  8:23  Pylon  
  70  8:31  Probe  
  70  8:32  Probe  
  72  8:49  Nexus  
  72  8:50  Pylon  
  62  9:50  Protoss Shields Level 1  
  62  9:54  Phoenix  
  62  9:55  Phoenix  
  66  10:00  Stargate  
  66  10:19  Phoenix  
  66  10:20  Phoenix  
  70  10:24  Protoss Air Weapons Level 2  
  62  10:55  Phoenix x2  
  66  10:58  Phoenix  
  68  11:19  Phoenix  
  68  11:20  Phoenix  
  68  11:23  Phoenix  
  74  11:44  Phoenix  
  74  11:45  Phoenix  
  78  11:48  Phoenix  
  78  11:51  Assimilator  
  78  11:52  Assimilator  
  47  12:09  Phoenix  
  47  12:14  Phoenix  
  47  12:15  Phoenix  
Tags
 
Add a new tag
Caveats
  • Supply blocks, unpowered buildings, or Contaminate may cause inaccurate times.
  • Supply counts are checked every 10 seconds.